 Dungeon Crawl Stone Soup version 0.20.1-1-g8b1a95d (webtiles) character file.

456 mopl the Skirmisher (level 7, -1/54 HPs)
             Began as a Formicid Wanderer on Sept 22, 2017.
             Slain by Duvessa
             ... wielding a +0 rapier
              (4 damage)
             ... on level 4 of the Dungeon on Sept 23, 2017.
             The game lasted 00:05:59 (4039 turns).

mopl the Skirmisher (Formicid Wanderer)             Turns: 4039, Time: 00:06:00

Health: -1/54      AC:  9    Str: 18    XL:     7   Next: 27%
Magic:  10/10      EV: 10    Int: 10    God:
Gold:   137        SH:  4    Dex: 12    Spells: 10/10 levels left

rFire    . . .     SeeInvis +   a - +0 hand axe (curse)
rCold    + . .     Gourm    +   p - +0 buckler
rNeg     . . .     Faith    .   x - +4 ring mail {rC+}
rPois    .         Spirit   .   (helmet unavailable)
rElec    .         Reflect  .   (no cloak)
rCorr    .         Harm     .   (no gloves)
MR       .....                  (no boots)
Stlth    +.........             v - amulet of the gourmand
Regen    0.2/turn               (no ring)
MPRegen  0.2/turn               (no ring)

@: no status effects
A: permanent stasis, dig shafts and tunnels, four strong arms, antennae 3
a: Dig, Shaft Self


You were on level 4 of the Dungeon.
You were very full.

You visited 1 branch of the dungeon, and saw 4 of its levels.

You collected 137 gold pieces.

Inventory:

Hand Weapons
 a - a cursed +0 hand axe (weapon)
 e - a +0 dagger
 l - a +2 quarterstaff
 y - a +0 war axe
Missiles
 q - 48 poisoned needles
 t - 6 needles of paralysis
Armour
 g - a +0 ring mail
 p - a +0 buckler (worn)
 x - a +4 ring mail of cold resistance (worn)
Jewellery
 v - an amulet of the gourmand (around neck)
Wands
 w - a wand of digging (16/24)
Scrolls
 d - a scroll of magic mapping {unknown}
 h - a scroll of recharging
 k - 4 scrolls of identify
Potions
 c - 2 potions of curing
 i - a potion of heal wounds {unknown}
 n - a potion of flight
Books
 b - the Disquisition on Evil

   Spells                             Type                      Level
   a - Corpse Rot                     Necromancy                   2
   b - Sublimation of Blood           Necromancy                   2
Comestibles
 f - 2 bread rations
 j - 9 fruits
 m - 2 royal jellies
 s - a meat ration


   Skills:
 + Level 4.1 Fighting
 * Level 3.8 Axes
 - Level 3.0 Staves
 + Level 3.5 Armour
 - Level 2.4 Stealth
 + Level 2.8 Shields
 - Level 2.1 Spellcasting
   Level 1.2 Hexes
 - Level 1.1 Evocations


You had 10 spell levels left.
You didn't know any spells.

Dungeon Overview and Level Annotations

Branches:
Dungeon (4/15)
 Temple: D:4-7

Altars:
Elyvilon
Makhleb

Annotations:
D:4 Duvessa


Innate Abilities, Weirdness & Mutations

You cannot be hasted, slowed, berserked, paralysed or teleported.
You can dig through walls and to a lower floor.
Your four strong arms can wield two-handed weapons with a shield.
You have a pair of large antennae on your head. (SInv)


Message History

Duvessa hits you with a rapier.
* * * LOW HITPOINT WARNING * * *
You completely miss Duvessa.
Duvessa is moderately wounded.
Duvessa hits you with a rapier!
* * * LOW HITPOINT WARNING * * *
You hit Duvessa but do no damage.
Duvessa is moderately wounded.
You block Duvessa's attack.
You hit Duvessa.
Duvessa is moderately wounded.
You block Duvessa's attack.
You hit Duvessa but do no damage.
Duvessa is moderately wounded.
Duvessa hits you with a rapier.
* * * LOW HITPOINT WARNING * * *
You barely miss Duvessa.
Duvessa is moderately wounded.
Duvessa hits you with a rapier.
You die...

######## #......#
#......#
#......#######
#......[.....#######
#..................##
#......#####.........
#......# ##.........
#..e@..####...e....##
#########...######.#
##{..### #.##
#####..### #...
#.....## ##### ###.
#.###.# #...# #.
##.###.### #...#####.
#..#.....###...##....
#.#.......##......###


You could see Duvessa.

Vanquished Creatures
  Sigmund (D:3)
  Dowan (D:4)
  An iguana (D:4)
  Ijyb (D:3)
  Terence (D:3)
  A worker ant (D:4)
  6 adders
  An ooze (D:2)
  An adder skeleton (D:3)
  A worm (D:2)
  4 leopard geckos
  An orc (D:3)
  3 giant cockroaches (D:1)
  5 goblins
  6 hobgoblins
  8 jackals (D:2)
  15 kobolds
  A quokka (D:2)
  2 ball pythons
  5 bats
  4 frilled lizards
  12 rats
81 creatures vanquished.

Notes
Turn   | Place    | Note
-------+----------+-------------------------------------------
     0 | D:1      | mopl the Formicid Wanderer began the quest for the Orb.
     0 | D:1      | mopl set off with: a +2 quarterstaff, the Disquisition on Evil, a potion of curing, a +0 robe, a +0 dagger, a bread ration
     0 | D:1      | Reached XP level 1. HP: 15/15 MP: 3/3
     0 | D:1      | Identified the Disquisition on Evil
   125 | D:1      | Reached XP level 2. HP: 13/22 MP: 5/5
   140 | D:1      | Reached skill level 2 in Fighting
   359 | D:1      | Reached skill level 1 in Armour
   600 | D:1      | Reached XP level 3. HP: 23/28 MP: 6/6
  1080 | D:2      | Reached skill level 2 in Armour
  1080 | D:2      | Reached XP level 4. HP: 31/34 MP: 7/7
  1158 | D:2      | Reached skill level 1 in Axes
  1255 | D:2      | Reached skill level 3 in Fighting
  1963 | D:2      | Found a burning altar of Makhleb.
  1963 | D:2      | Noticed an Executioner
  1966 | D:2      | Noticed a hellwing
  1966 | D:2      | Noticed a smoke demon
  2258 | D:3      | Noticed Ijyb
  2262 | D:3      | Reached XP level 5. HP: 22/41 MP: 8/8
  2313 | D:3      | Killed Ijyb
  2313 | D:3      | Reached skill level 2 in Axes
  2313 | D:3      | Reached skill level 1 in Shields
  2562 | D:3      | Noticed Terence
  2597 | D:3      | Killed Terence
  2963 | D:3      | Noticed Sigmund
  2998 | D:3      | Killed Sigmund
  2998 | D:3      | Reached skill level 4 in Fighting
  2998 | D:3      | Reached skill level 3 in Axes
  2998 | D:3      | Reached skill level 3 in Armour
  2998 | D:3      | Reached skill level 2 in Shields
  2998 | D:3      | Reached XP level 6. HP: 14/48 MP: 9/9
  3418 | D:4      | Reached XP level 7. HP: 45/54 MP: 10/10
  3484 | D:4      | Noticed Duvessa
  3484 | D:4      | Noticed Dowan
  3573 | D:4      | Killed Dowan
  3769 | D:4      | Found a white marble altar of Elyvilon.
  4038 | D:4      | HP: 2/54 [Duvessa/rapier (2)]
  4039 | D:4      | Slain by Duvessa

Skill      XL: |  1  2  3  4  5 |
---------------+----------------+-----
Fighting       | 2 3 4 |  4.1
Armour         | 1 2 3 |  3.5
Axes           | 1 3 |  3.8
Shields        | 2 |  2.8
Staves         | |  3.0
Stealth        | |  2.4
Spellcasting   | |  2.1
Hexes          | |  1.2
Evocations     | |  1.1

Action                   |  1- 3 |  4- 6 |  7- 9 || total
-------------------------+-------+-------+-------++-------
Melee: Quarterstaff      |    82 |       |       ||    82
       Hand axe          |    11 |   245 |    67 ||   323
 Abil: Dig               |     2 |     1 |       ||     3
  Use: Scroll            |       |     9 |       ||     9
       Potion            |       |     2 |       ||     2
 Stab: Sleeping          |       |     1 |       ||     1
  Eat: Chunk             |     1 |    16 |     2 ||    19
Armor: Robe              |     3 |       |       ||     3
       Ring mail         |    39 |   104 |    19 ||   162
Dodge: Dodged            |    66 |   144 |    22 ||   232
Block: Buckler           |       |    38 |     9 ||    47
